Connexion

WASHINGTON Capitals vs MONTREAL Canadiens

Created - 19 mars 2024 at 06:04

Goals
1 2 3 OT1 SO T
WASHINGTON Capitals 2 1 1 0 1 4
MONTREAL Canadiens 0 3 1 0 2 5
Shots
1 2 3 OT1 SO T
WASHINGTON Capitals 12 14 8 1 3 35
MONTREAL Canadiens 9 12 19 5 3 45

GoalsPenalties
1st period
1. WASHINGTON Capitals , Denis Gurianov 20 (Shea Theodore 69) at 3:56
2. WASHINGTON Capitals , Mikey Eyssimont 10 (Denis Gurianov 21, Shea Theodore 70) at 14:35
Marcus Hogberg (WAS) for Slashing (Minor) at 1:30 - Nick Jensen served the penalty.
2nd period
3. WASHINGTON Capitals , Alex Killorn 21 (Denis Gurianov 22, Nick Jensen 21) at 3:57
4. MONTREAL Canadiens , Justin Faulk 14 (Boone Jenner 29, Jake Guentzel 36) at 6:30 (PP)
5. MONTREAL Canadiens , Evgeni Malkin 30 (Justin Faulk 32, Boone Jenner 30) at 18:50
6. MONTREAL Canadiens , Tyler Seguin 24 (Cam Atkinson 45, Moritz Seider 32) at 19:16
Nikita Kucherov (WAS) for Slashing (Minor) at 5:48
Phil Kessel (MTL) for High sticking (Minor) at 7:21
Nick Jensen (WAS) for Tripping (Minor) at 12:01
3rd period
7. WASHINGTON Capitals , Shea Theodore 19 (Brandon Hagel 53, Nikita Kucherov 51) at 0:31
8. MONTREAL Canadiens , Cam Atkinson 39 (Dakota Mermis 31, Kevin Lankinen) at 7:41 (SH)
Sean Walker (WAS) for High sticking (Minor) at 0:50
Justin Faulk (MTL) for Roughing (Minor) at 6:47
Overtime #1
No Goal
Shootout
WASHINGTON Capitals, Aleksander Barkov - Stopped by Kevin Lankinen
MONTREAL Canadiens, Patrick Kane - Goal!
WASHINGTON Capitals, Nikita Kucherov - Goal!
MONTREAL Canadiens, Tyler Seguin - Stopped by Marcus Hogberg
WASHINGTON Capitals, Jared McCann - Stopped by Kevin Lankinen
MONTREAL Canadiens, Cam Atkinson - Goal!
Goalie Stats
Marcus Hogberg (WAS), 41 saves from 45 shots - (0,911), OTL, 7-6-5, 65:00 minutes
Kevin Lankinen (MTL), 31 saves from 35 shots - (0,886), W, 22-17-3, 65:00 minutes
3 StarsOfficial
1 - Denis Gurianov (WAS)
2 - Shea Theodore (WAS)
3 - Cam Atkinson (MTL)
Referees : Tom Kowal and Dan O'Rourke
Linesman : Steve Miller and Pierre Champoux
Game Note
No Game Note
Finance
Level 1 -- Attendance: 6000 (100,00%) -- Ticket Income $720,000
Level 2 -- Attendance: 5923 (71,59%) -- Ticket Income $444,225
Level 3 -- Attendance: 2000 (100,00%) -- Ticket Income $110,000
Level 4 -- Attendance: 4000 (100,00%) -- Ticket Income $140,000
Luxury Box -- Attendance: 1000 (100,00%) -- Ticket Income $260,000
Game was played at the Bell Centre.
Total Attendance: 18923 (88,95%)
Total Ticket Income: $1,674,225
Other Income: $334,845
Total Income: $2,009,070



Team Name Goals Shots Shots Attemp Shots Blocked PIM HIT PP PK FO%
WASHINGTON Capitals 43565148180 / 2 (0%)147%
MONTREAL Canadiens 54596104181 / 4 (25%)053%

WASHINGTON Capitals
Player Name POS G A P +/- PIM HIT SHT SB MP PP MP PP SHT PK MP PK SHT FO% FOT
Aleksander BarkovC000-1045021:471:3401:44041% 27
Alex KillornC/LW/RW1013024016:252:2400:0300% 5
Alex PietrangeloD0000001323:262:2402:5800% 0
Andreas JohnssonLW/RW000-1001014:080:0000:0000% 0
Brandon HagelLW011-1033024:581:3414:5500% 0
Denis GurianovLW/RW1233003013:010:0000:00067% 3
Dryden HuntC/LW000000205:530:0000:00071% 7
Frederick GaudreauC/RW000-1002123:192:2404:52159% 34
Givani SmithRW000000005:530:0000:0000% 0
Jared McCannC/LW000-1001018:162:2401:4400% 0
Joel HanleyD0000000221:161:3403:4100% 0
Joel KivirantaLW000000018:450:0000:0000% 3
Mikey EyssimontC/LW1013014010:530:0000:00046% 13
Nick JensenD0111232219:320:0000:3700% 0
Nikita KucherovRW011-1224020:021:3410:00033% 6
Sean WalkerD0000200118:542:2400:2200% 0
Shea TheodoreD1231013124:561:3413:4100% 0
Slater KoekkoekD0000020316:540:0001:5900% 0
MONTREAL Canadiens
Player Name POS G A P +/- PIM HIT SHT SB MP PP MP PP SHT PK MP PK SHT FO% FOT
Boone JennerC/LW0221024119:243:4410:58050% 24
Brett HowdenC/LW000000403:580:0000:00063% 8
Cam AtkinsonLW/RW1121015023:482:5500:58150% 2
Dakota MermisD0111012222:393:0201:1900% 0
Evgeni MalkinC/RW1010025018:263:4410:000100% 1
Isac LundestromC/LW000-2001018:180:0000:36075% 4
Jake GuentzelC/LW/RW0110023018:263:4400:0000% 0
Joe VelenoC000000013:420:0000:3600% 0
Joel EdmundsonD000-2010013:000:0000:0000% 0
Justin FaulkD1120222227:573:3711:1600% 0
Kailer YamamotoC/LW/RW000-2045014:360:0000:00043% 23
Kyle CapobiancoD000-2010014:230:0001:2300% 0
Michael PezzettaC/LW000000002:040:0000:0000% 0
Moritz SeiderD0111002220:023:0211:1900% 0
Patrick KaneC/RW0000017025:242:5532:24156% 34
Phil KesselC/RW000-2202014:350:0000:00050% 2
Tyler SeguinC/RW1010012023:202:5502:2400% 0
Tyson BarrieD0000001226:583:3702:3900% 0



Play-by-Play

1st period


0:01 of 1st period - Patrick Kane wins face-off versus Aleksander Barkov in neutral zone.
0:04 of 1st period - Aleksander Barkov is hit by Tyler Seguin and loses puck.
0:32 of 1st period - Shot by Tyler Seguin.
0:32 of 1st period - Shot Misses the Net.
0:40 of 1st period - Shot by Patrick Kane.
0:40 of 1st period - Stopped by Marcus Hogberg with a rebound.
0:42 of 1st period - Shot by Cam Atkinson.
0:42 of 1st period - Stopped by Marcus Hogberg without a rebound.
0:43 of 1st period - Boone Jenner wins face-off versus Frederick Gaudreau in WASHINGTON Capitals zone.
0:48 of 1st period - Shot by Jake Guentzel.
0:48 of 1st period - Shot Blocked by Alex Pietrangelo.
0:50 of 1st period - Shot by Evgeni Malkin.
0:50 of 1st period - Stopped by Marcus Hogberg without a rebound.
0:51 of 1st period - Mikey Eyssimont wins face-off versus Kailer Yamamoto in WASHINGTON Capitals zone.
1:00 of 1st period - Shot by Kailer Yamamoto.
1:00 of 1st period - Stopped by Marcus Hogberg without a rebound.
1:01 of 1st period - Boone Jenner wins face-off versus Frederick Gaudreau in WASHINGTON Capitals zone.
1:30 of 1st period - Shot by Boone Jenner.
1:30 of 1st period - Stopped by Marcus Hogberg without a rebound.
1:30 of 1st period - Minor Penalty to Marcus Hogberg for Slashing.
1:31 of 1st period - Frederick Gaudreau wins face-off versus Patrick Kane in WASHINGTON Capitals zone.
2:14 of 1st period - Shot by Justin Faulk.
2:14 of 1st period - Shot Misses the Net.
2:16 of 1st period - Shot by Tyson Barrie.
2:16 of 1st period - Shot Blocked by Shea Theodore.
2:40 of 1st period - Jake Guentzel is hit by Aleksander Barkov and loses puck.
3:16 of 1st period - Icing by Justin Faulk.
3:17 of 1st period - Patrick Kane wins face-off versus Frederick Gaudreau in MONTREAL Canadiens zone.
3:56 of 1st period - Shot by Denis Gurianov.
3:56 of 1st period - Goal by Denis Gurianov - WASHINGTON Capitals : 1 - MONTREAL Canadiens : 0.
3:57 of 1st period - Brett Howden wins face-off versus Joel Kiviranta in neutral zone.
4:10 of 1st period - Icing by Dakota Mermis.
4:11 of 1st period - Brett Howden wins face-off versus Aleksander Barkov in MONTREAL Canadiens zone.
4:18 of 1st period - Shot by Brandon Hagel.
4:18 of 1st period - Stopped by Kevin Lankinen with a rebound.
4:20 of 1st period - Shot by Brandon Hagel.
4:20 of 1st period - Stopped by Kevin Lankinen without a rebound.
4:21 of 1st period - Boone Jenner wins face-off versus Aleksander Barkov in MONTREAL Canadiens zone.
4:28 of 1st period - Shot by Jake Guentzel.
4:28 of 1st period - Shot Blocked by Joel Hanley.
4:40 of 1st period - Shot by Nikita Kucherov.
4:40 of 1st period - Stopped by Kevin Lankinen without a rebound.
4:41 of 1st period - Frederick Gaudreau wins face-off versus Patrick Kane in MONTREAL Canadiens zone.
6:01 of 1st period - Shot by Evgeni Malkin.
6:01 of 1st period - Shot Misses the Net.
6:31 of 1st period - Shot by Mikey Eyssimont.
6:31 of 1st period - Stopped by Kevin Lankinen without a rebound.
6:32 of 1st period - Dryden Hunt wins face-off versus Kailer Yamamoto in MONTREAL Canadiens zone.
6:38 of 1st period - Icing by Kyle Capobianco.
6:39 of 1st period - Phil Kessel wins face-off versus Frederick Gaudreau in MONTREAL Canadiens zone.
6:54 of 1st period - Shot by Kailer Yamamoto.
6:54 of 1st period - Shot Misses the Net.
6:58 of 1st period - Shot by Phil Kessel.
6:58 of 1st period - Shot Misses the Net.
7:00 of 1st period - Shot by Phil Kessel.
7:00 of 1st period - Shot Misses the Net.
7:02 of 1st period - Shot by Kyle Capobianco.
7:02 of 1st period - Shot Blocked by Alex Pietrangelo.
7:12 of 1st period - Shot by Phil Kessel.
7:12 of 1st period - Shot Misses the Net.
7:14 of 1st period - Shot by Kailer Yamamoto.
7:14 of 1st period - Stopped by Marcus Hogberg with a rebound.
7:23 of 1st period - Kailer Yamamoto is hit by Nick Jensen and loses puck.
7:43 of 1st period - Icing by Cam Atkinson.
7:44 of 1st period - Patrick Kane wins face-off versus Nikita Kucherov in MONTREAL Canadiens zone.
7:44 of 1st period - Patrick Kane is hit by Aleksander Barkov.
7:52 of 1st period - Aleksander Barkov is hit by Patrick Kane and loses puck.
8:24 of 1st period - Off-side.
8:25 of 1st period - Mikey Eyssimont wins face-off versus Boone Jenner in neutral zone.
8:46 of 1st period - Shot by Slater Koekkoek.
8:46 of 1st period - Shot Misses the Net.
8:50 of 1st period - Shot by Alex Killorn.
8:50 of 1st period - Stopped by Kevin Lankinen with a rebound.
8:52 of 1st period - Shot by Mikey Eyssimont.
8:52 of 1st period - Shot Blocked by Moritz Seider.
8:56 of 1st period - Shot by Denis Gurianov.
8:56 of 1st period - Stopped by Kevin Lankinen with a rebound.
8:58 of 1st period - Shot by Mikey Eyssimont.
8:58 of 1st period - Stopped by Kevin Lankinen without a rebound.
8:59 of 1st period - Kailer Yamamoto wins face-off versus Dryden Hunt in MONTREAL Canadiens zone.
9:22 of 1st period - Icing by Alex Pietrangelo.
9:23 of 1st period - Dryden Hunt wins face-off versus Patrick Kane in WASHINGTON Capitals zone.
9:30 of 1st period - Shot by Joel Kiviranta.
9:30 of 1st period - Shot Misses the Net.
9:40 of 1st period - Shot by Cam Atkinson.
9:40 of 1st period - Shot Misses the Net.
10:12 of 1st period - Icing by Shea Theodore.
10:13 of 1st period - Boone Jenner wins face-off versus Aleksander Barkov in WASHINGTON Capitals zone.
11:38 of 1st period - Shot by Frederick Gaudreau.
11:38 of 1st period - Shot Blocked by Dakota Mermis.
12:03 of 1st period - Shot by Alex Killorn.
12:03 of 1st period - Shot Blocked by Boone Jenner.
12:13 of 1st period - Shot by Denis Gurianov.
12:13 of 1st period - Shot Blocked by Moritz Seider.
13:01 of 1st period - Shot by Dryden Hunt.
13:01 of 1st period - Stopped by Kevin Lankinen without a rebound.
13:02 of 1st period - Aleksander Barkov wins face-off versus Patrick Kane in MONTREAL Canadiens zone.
13:17 of 1st period - Shot by Nikita Kucherov.
13:17 of 1st period - Shot Misses the Net.
13:19 of 1st period - Shot by Aleksander Barkov.
13:19 of 1st period - Shot Misses the Net.
13:21 of 1st period - Shot by Nikita Kucherov.
13:21 of 1st period - Shot Misses the Net.
13:23 of 1st period - Shot by Brandon Hagel.
13:23 of 1st period - Shot Misses the Net.
13:25 of 1st period - Shot by Brandon Hagel.
13:25 of 1st period - Deflect By Aleksander Barkov.
13:25 of 1st period - Shot Misses the Net.
13:57 of 1st period - Shot by Frederick Gaudreau.
13:57 of 1st period - Shot Blocked by Tyson Barrie.
14:01 of 1st period - Shot by Andreas Johnsson.
14:01 of 1st period - Shot Misses the Net.
14:03 of 1st period - Shot by Andreas Johnsson.
14:03 of 1st period - Shot Hit the Post.
14:15 of 1st period - Shot by Nick Jensen.
14:15 of 1st period - Stopped by Kevin Lankinen without a rebound.
14:16 of 1st period - Mikey Eyssimont wins face-off versus Kailer Yamamoto in MONTREAL Canadiens zone.
14:35 of 1st period - Shot by Denis Gurianov.
14:35 of 1st period - Deflect By Mikey Eyssimont.
14:35 of 1st period - Goal by Mikey Eyssimont - WASHINGTON Capitals : 2 - MONTREAL Canadiens : 0.
14:36 of 1st period - Frederick Gaudreau wins face-off versus Kailer Yamamoto in neutral zone.
14:48 of 1st period - Shot by Kailer Yamamoto.
14:48 of 1st period - Shot Misses the Net.
15:08 of 1st period - Shot by Kailer Yamamoto.
15:08 of 1st period - Shot Misses the Net.
15:10 of 1st period - Shot by Kailer Yamamoto.
15:10 of 1st period - Stopped by Marcus Hogberg without a rebound.
15:11 of 1st period - Nikita Kucherov wins face-off versus Brett Howden in WASHINGTON Capitals zone.
15:20 of 1st period - Shot by Patrick Kane.
15:20 of 1st period - Stopped by Marcus Hogberg without a rebound.
15:21 of 1st period - Brett Howden wins face-off versus Aleksander Barkov in WASHINGTON Capitals zone.
15:29 of 1st period - Brandon Hagel is hit by Justin Faulk.
15:45 of 1st period - Shot by Aleksander Barkov.
15:45 of 1st period - Stopped by Kevin Lankinen without a rebound.
15:46 of 1st period - Kailer Yamamoto wins face-off versus Mikey Eyssimont in MONTREAL Canadiens zone.
15:46 of 1st period - Kailer Yamamoto is hit by Alex Killorn.
15:55 of 1st period - Off-side.
15:56 of 1st period - Frederick Gaudreau wins face-off versus Kailer Yamamoto in neutral zone.
16:56 of 1st period - Shot by Tyson Barrie.
16:56 of 1st period - Stopped by Marcus Hogberg with a rebound.
17:19 of 1st period - Icing by Slater Koekkoek.
17:20 of 1st period - Boone Jenner wins face-off versus Aleksander Barkov in WASHINGTON Capitals zone.
17:20 of 1st period - Jake Guentzel is hit by Slater Koekkoek and loses puck.
17:48 of 1st period - Icing by Nikita Kucherov.
17:49 of 1st period - Kailer Yamamoto wins face-off versus Aleksander Barkov in WASHINGTON Capitals zone.
17:56 of 1st period - Shot by Isac Lundestrom.
17:56 of 1st period - Shot Misses the Net.
18:40 of 1st period - Shot by Denis Gurianov.
18:40 of 1st period - Shot Blocked by Tyson Barrie.
19:18 of 1st period - Shot by Andreas Johnsson.
19:18 of 1st period - Shot Misses the Net.
Goals for this period are 2 for WASHINGTON Capitals vs 0 for MONTREAL Canadiens.
Shots for this period are 12 for WASHINGTON Capitals vs 9 for MONTREAL Canadiens.

2nd period


0:01 of 2nd period - Aleksander Barkov wins face-off versus Patrick Kane in neutral zone.
0:01 of 2nd period - Aleksander Barkov is hit by Cam Atkinson.
0:26 of 2nd period - Tyson Barrie is hit by Nikita Kucherov and loses puck.
0:34 of 2nd period - Tyson Barrie is hit by Aleksander Barkov and loses puck.
0:46 of 2nd period - Shot by Tyler Seguin.
0:46 of 2nd period - Shot Misses the Net.
1:09 of 2nd period - Off-side.
1:10 of 2nd period - Boone Jenner wins face-off versus Dryden Hunt in neutral zone.
1:17 of 2nd period - Shot by Jake Guentzel.
1:17 of 2nd period - Deflect By Evgeni Malkin.
1:17 of 2nd period - Shot Misses the Net.
1:19 of 2nd period - Shot by Boone Jenner.
1:19 of 2nd period - Shot Blocked by Joel Kiviranta.
1:48 of 2nd period - Icing by Sean Walker.
1:49 of 2nd period - Dryden Hunt wins face-off versus Kailer Yamamoto in WASHINGTON Capitals zone.
1:51 of 2nd period - Givani Smith is hit by Kailer Yamamoto and loses puck.
2:16 of 2nd period - Shot by Isac Lundestrom.
2:16 of 2nd period - Shot Blocked by Sean Walker.
2:26 of 2nd period - Shot by Kailer Yamamoto.
2:26 of 2nd period - Shot Blocked by Slater Koekkoek.
2:28 of 2nd period - Shot by Phil Kessel.
2:28 of 2nd period - Shot Blocked by Slater Koekkoek.
2:30 of 2nd period - Shot by Phil Kessel.
2:30 of 2nd period - Stopped by Marcus Hogberg with a rebound.
3:21 of 2nd period - Shot by Nikita Kucherov.
3:21 of 2nd period - Shot Misses the Net.
3:23 of 2nd period - Shot by Brandon Hagel.
3:23 of 2nd period - Shot Blocked by Justin Faulk.
3:25 of 2nd period - Shot by Nikita Kucherov.
3:25 of 2nd period - Shot Misses the Net.
3:57 of 2nd period - Shot by Alex Killorn.
3:57 of 2nd period - Goal by Alex Killorn - WASHINGTON Capitals : 3 - MONTREAL Canadiens : 0.
3:58 of 2nd period - Frederick Gaudreau wins face-off versus Kailer Yamamoto in neutral zone.
3:58 of 2nd period - Frederick Gaudreau is hit by Kailer Yamamoto.
4:23 of 2nd period - Frederick Gaudreau is hit by Joel Edmundson.
4:48 of 2nd period - Icing by Kyle Capobianco.
4:49 of 2nd period - Aleksander Barkov wins face-off versus Kailer Yamamoto in MONTREAL Canadiens zone.
4:52 of 2nd period - Shot by Brandon Hagel.
4:52 of 2nd period - Shot Misses the Net.
4:58 of 2nd period - Shot by Aleksander Barkov.
4:58 of 2nd period - Stopped by Kevin Lankinen without a rebound.
4:59 of 2nd period - Mikey Eyssimont wins face-off versus Boone Jenner in MONTREAL Canadiens zone.
5:22 of 2nd period - Shot by Denis Gurianov.
5:22 of 2nd period - Stopped by Kevin Lankinen without a rebound.
5:23 of 2nd period - Patrick Kane wins face-off versus Nikita Kucherov in MONTREAL Canadiens zone.
5:48 of 2nd period - Minor Penalty to Nikita Kucherov for Slashing.
5:49 of 2nd period - Boone Jenner wins face-off versus Frederick Gaudreau in WASHINGTON Capitals zone.
6:08 of 2nd period - Joel Hanley is hit by Jake Guentzel and loses puck.
6:28 of 2nd period - Shot by Jake Guentzel.
6:28 of 2nd period - Deflect By Boone Jenner.
6:28 of 2nd period - Shot Misses the Net.
6:30 of 2nd period - Shot by Justin Faulk.
6:30 of 2nd period - Goal by Justin Faulk - WASHINGTON Capitals : 3 - MONTREAL Canadiens : 1.
6:31 of 2nd period - Mikey Eyssimont wins face-off versus Patrick Kane in neutral zone.
7:21 of 2nd period - Minor Penalty to Phil Kessel for High sticking.
7:22 of 2nd period - Patrick Kane wins face-off versus Aleksander Barkov in MONTREAL Canadiens zone.
7:33 of 2nd period - Shot by Nikita Kucherov.
7:33 of 2nd period - Stopped by Kevin Lankinen without a rebound.
7:34 of 2nd period - Aleksander Barkov wins face-off versus Patrick Kane in MONTREAL Canadiens zone.
7:55 of 2nd period - Shot by Brandon Hagel.
7:55 of 2nd period - Stopped by Kevin Lankinen without a rebound.
7:56 of 2nd period - Frederick Gaudreau wins face-off versus Cam Atkinson in MONTREAL Canadiens zone.
8:49 of 2nd period - Shot by Patrick Kane.
8:49 of 2nd period - Stopped by Marcus Hogberg with a rebound.
9:15 of 2nd period - Shot by Shea Theodore.
9:15 of 2nd period - Stopped by Kevin Lankinen without a rebound.
9:16 of 2nd period - Nikita Kucherov wins face-off versus Patrick Kane in MONTREAL Canadiens zone.
9:58 of 2nd period - Shot by Dryden Hunt.
9:58 of 2nd period - Stopped by Kevin Lankinen without a rebound.
9:59 of 2nd period - Aleksander Barkov wins face-off versus Kailer Yamamoto in MONTREAL Canadiens zone.
10:01 of 2nd period - Brandon Hagel is hit by Justin Faulk and loses puck.
10:06 of 2nd period - Shot by Aleksander Barkov.
10:06 of 2nd period - Stopped by Kevin Lankinen without a rebound.
10:07 of 2nd period - Patrick Kane wins face-off versus Aleksander Barkov in MONTREAL Canadiens zone.
11:16 of 2nd period - Shot by Andreas Johnsson.
11:16 of 2nd period - Shot Misses the Net.
11:30 of 2nd period - Shot by Boone Jenner.
11:30 of 2nd period - Stopped by Marcus Hogberg with a rebound.
11:32 of 2nd period - Shot by Dakota Mermis.
11:32 of 2nd period - Stopped by Marcus Hogberg without a rebound.
11:33 of 2nd period - Kailer Yamamoto wins face-off versus Mikey Eyssimont in WASHINGTON Capitals zone.
11:33 of 2nd period - Phil Kessel is hit by Shea Theodore and loses puck.
11:38 of 2nd period - Shot by Isac Lundestrom.
11:38 of 2nd period - Shot Misses the Net.
11:52 of 2nd period - Shot by Kailer Yamamoto.
11:52 of 2nd period - Stopped by Marcus Hogberg without a rebound.
11:53 of 2nd period - Evgeni Malkin wins face-off versus Aleksander Barkov in WASHINGTON Capitals zone.
12:00 of 2nd period - Shot by Evgeni Malkin.
12:00 of 2nd period - Shot Misses the Net.
12:01 of 2nd period - Minor Penalty to Nick Jensen for Tripping.
12:02 of 2nd period - Frederick Gaudreau wins face-off versus Boone Jenner in WASHINGTON Capitals zone.
12:33 of 2nd period - Dakota Mermis is hit by Brandon Hagel and loses puck.
12:42 of 2nd period - Shot by Brandon Hagel.
12:42 of 2nd period - Deflect By Frederick Gaudreau.
12:42 of 2nd period - Stopped by Kevin Lankinen without a rebound.
12:43 of 2nd period - Frederick Gaudreau wins face-off versus Patrick Kane in MONTREAL Canadiens zone.
13:03 of 2nd period - Shot by Tyler Seguin.
13:03 of 2nd period - Shot Misses the Net.
13:07 of 2nd period - Shot by Tyler Seguin.
13:07 of 2nd period - Deflect By Cam Atkinson.
13:07 of 2nd period - Shot Misses the Net.
13:47 of 2nd period - Shot by Evgeni Malkin.
13:47 of 2nd period - Stopped by Marcus Hogberg without a rebound.
13:48 of 2nd period - Frederick Gaudreau wins face-off versus Boone Jenner in WASHINGTON Capitals zone.
15:03 of 2nd period - Shot by Alex Killorn.
15:03 of 2nd period - Stopped by Kevin Lankinen without a rebound.
15:04 of 2nd period - Patrick Kane wins face-off versus Nikita Kucherov in MONTREAL Canadiens zone.
15:13 of 2nd period - Shot by Aleksander Barkov.
15:13 of 2nd period - Stopped by Kevin Lankinen without a rebound.
15:14 of 2nd period - Patrick Kane wins face-off versus Frederick Gaudreau in MONTREAL Canadiens zone.
15:39 of 2nd period - Shot by Jared McCann.
15:39 of 2nd period - Stopped by Kevin Lankinen with a rebound.
15:41 of 2nd period - Shot by Frederick Gaudreau.
15:41 of 2nd period - Shot Blocked by Justin Faulk.
15:45 of 2nd period - Shot by Frederick Gaudreau.
15:45 of 2nd period - Shot Misses the Net.
15:47 of 2nd period - Shot by Shea Theodore.
15:47 of 2nd period - Stopped by Kevin Lankinen without a rebound.
15:48 of 2nd period - Boone Jenner wins face-off versus Aleksander Barkov in MONTREAL Canadiens zone.
15:48 of 2nd period - Dakota Mermis is hit by Brandon Hagel and loses puck.
15:57 of 2nd period - Nick Jensen is hit by Boone Jenner and loses puck.
16:09 of 2nd period - Icing by Alex Pietrangelo.
16:10 of 2nd period - Aleksander Barkov wins face-off versus Kailer Yamamoto in WASHINGTON Capitals zone.
16:51 of 2nd period - Icing by Tyson Barrie.
16:52 of 2nd period - Frederick Gaudreau wins face-off versus Kailer Yamamoto in MONTREAL Canadiens zone.
17:19 of 2nd period - Shot by Tyler Seguin.
17:19 of 2nd period - Stopped by Marcus Hogberg with a rebound.
17:21 of 2nd period - Shot by Moritz Seider.
17:21 of 2nd period - Stopped by Marcus Hogberg without a rebound.
17:22 of 2nd period - Boone Jenner wins face-off versus Mikey Eyssimont in WASHINGTON Capitals zone.
17:42 of 2nd period - Shot by Jake Guentzel.
17:42 of 2nd period - Stopped by Marcus Hogberg without a rebound.
17:43 of 2nd period - Patrick Kane wins face-off versus Nikita Kucherov in WASHINGTON Capitals zone.
18:08 of 2nd period - Shot by Nikita Kucherov.
18:08 of 2nd period - Stopped by Kevin Lankinen without a rebound.
18:09 of 2nd period - Frederick Gaudreau wins face-off versus Boone Jenner in MONTREAL Canadiens zone.
18:36 of 2nd period - Shot by Evgeni Malkin.
18:36 of 2nd period - Shot Blocked by Frederick Gaudreau.
18:46 of 2nd period - Shot by Tyson Barrie.
18:46 of 2nd period - Shot Blocked by Joel Hanley.
18:48 of 2nd period - Shot by Boone Jenner.
18:48 of 2nd period - Shot Misses the Net.
18:50 of 2nd period - Shot by Justin Faulk.
18:50 of 2nd period - Deflect By Evgeni Malkin.
18:50 of 2nd period - Goal by Evgeni Malkin - WASHINGTON Capitals : 3 - MONTREAL Canadiens : 2.
18:51 of 2nd period - Patrick Kane wins face-off versus Aleksander Barkov in neutral zone.
19:12 of 2nd period - Shot by Tyler Seguin.
19:12 of 2nd period - Shot Blocked by Nick Jensen.
19:14 of 2nd period - Shot by Cam Atkinson.
19:14 of 2nd period - Shot Blocked by Nick Jensen.
19:16 of 2nd period - Shot by Tyler Seguin.
19:16 of 2nd period - Goal by Tyler Seguin - WASHINGTON Capitals : 3 - MONTREAL Canadiens : 3.
19:17 of 2nd period - Kailer Yamamoto wins face-off versus Mikey Eyssimont in neutral zone.
19:21 of 2nd period - Off-side.
19:22 of 2nd period - Boone Jenner wins face-off versus Mikey Eyssimont in neutral zone.
19:40 of 2nd period - Icing by Joel Hanley.
19:41 of 2nd period - Patrick Kane wins face-off versus Alex Killorn in WASHINGTON Capitals zone.
19:46 of 2nd period - Icing by Shea Theodore.
19:47 of 2nd period - Patrick Kane wins face-off versus Mikey Eyssimont in WASHINGTON Capitals zone.
Goals for this period are 1 for WASHINGTON Capitals vs 3 for MONTREAL Canadiens.
Shots for this period are 14 for WASHINGTON Capitals vs 12 for MONTREAL Canadiens.

3rd period


0:01 of 3rd period - Cam Atkinson wins face-off versus Aleksander Barkov in neutral zone.
0:16 of 3rd period - Tyler Seguin is hit by Aleksander Barkov and loses puck.
0:29 of 3rd period - Shot by Brandon Hagel.
0:29 of 3rd period - Shot Misses the Net.
0:31 of 3rd period - Shot by Shea Theodore.
0:31 of 3rd period - Goal by Shea Theodore - WASHINGTON Capitals : 4 - MONTREAL Canadiens : 3.
0:32 of 3rd period - Boone Jenner wins face-off versus Frederick Gaudreau in neutral zone.
0:47 of 3rd period - Shot by Jake Guentzel.
0:47 of 3rd period - Deflect By Boone Jenner.
0:47 of 3rd period - Stopped by Marcus Hogberg without a rebound.
0:48 of 3rd period - Kailer Yamamoto wins face-off versus Alex Killorn in WASHINGTON Capitals zone.
0:50 of 3rd period - Minor Penalty to Sean Walker for High sticking.
0:51 of 3rd period - Patrick Kane wins face-off versus Frederick Gaudreau in WASHINGTON Capitals zone.
0:54 of 3rd period - Shot by Tyler Seguin.
0:54 of 3rd period - Deflect By Cam Atkinson.
0:54 of 3rd period - Shot Misses the Net.
1:06 of 3rd period - Shot by Patrick Kane.
1:06 of 3rd period - Stopped by Marcus Hogberg without a rebound.
1:07 of 3rd period - Frederick Gaudreau wins face-off versus Boone Jenner in WASHINGTON Capitals zone.
1:07 of 3rd period - Brandon Hagel is hit by Evgeni Malkin and loses puck.
1:19 of 3rd period - Off-side.
1:20 of 3rd period - Patrick Kane wins face-off versus Frederick Gaudreau in neutral zone.
1:27 of 3rd period - Shot by Patrick Kane.
1:27 of 3rd period - Stopped by Marcus Hogberg without a rebound.
1:28 of 3rd period - Frederick Gaudreau wins face-off versus Patrick Kane in WASHINGTON Capitals zone.
1:33 of 3rd period - Patrick Kane is hit by Brandon Hagel.
1:41 of 3rd period - Shot by Patrick Kane.
1:41 of 3rd period - Shot Misses the Net.
1:43 of 3rd period - Shot by Justin Faulk.
1:43 of 3rd period - Shot Misses the Net.
1:57 of 3rd period - Shot by Patrick Kane.
1:57 of 3rd period - Stopped by Marcus Hogberg without a rebound.
1:58 of 3rd period - Frederick Gaudreau wins face-off versus Boone Jenner in WASHINGTON Capitals zone.
1:58 of 3rd period - Nick Jensen is hit by Boone Jenner and loses puck.
2:03 of 3rd period - Shot by Moritz Seider.
2:03 of 3rd period - Stopped by Marcus Hogberg without a rebound.
2:04 of 3rd period - Frederick Gaudreau wins face-off versus Boone Jenner in WASHINGTON Capitals zone.
2:12 of 3rd period - Icing by Dakota Mermis.
2:13 of 3rd period - Boone Jenner wins face-off versus Frederick Gaudreau in MONTREAL Canadiens zone.
2:24 of 3rd period - Shea Theodore is hit by Dakota Mermis and loses puck.
2:43 of 3rd period - Shot by Moritz Seider.
2:43 of 3rd period - Shot Misses the Net.
2:45 of 3rd period - Shot by Jake Guentzel.
2:45 of 3rd period - Shot Misses the Net.
2:47 of 3rd period - Shot by Boone Jenner.
2:47 of 3rd period - Stopped by Marcus Hogberg with a rebound.
2:49 of 3rd period - Shot by Evgeni Malkin.
2:49 of 3rd period - Shot Misses the Net.
2:59 of 3rd period - Shot by Alex Killorn.
2:59 of 3rd period - Stopped by Kevin Lankinen without a rebound.
3:00 of 3rd period - Dryden Hunt wins face-off versus Patrick Kane in MONTREAL Canadiens zone.
3:03 of 3rd period - Shot by Nick Jensen.
3:03 of 3rd period - Stopped by Kevin Lankinen with a rebound.
3:05 of 3rd period - Shot by Alex Pietrangelo.
3:05 of 3rd period - Stopped by Kevin Lankinen without a rebound.
3:06 of 3rd period - Patrick Kane wins face-off versus Mikey Eyssimont in MONTREAL Canadiens zone.
3:06 of 3rd period - Patrick Kane is hit by Alex Killorn.
3:34 of 3rd period - Justin Faulk is hit by Mikey Eyssimont and loses puck.
3:47 of 3rd period - Shot by Tyler Seguin.
3:47 of 3rd period - Shot Misses the Net.
3:49 of 3rd period - Shot by Justin Faulk.
3:49 of 3rd period - Shot Misses the Net.
3:51 of 3rd period - Shot by Justin Faulk.
3:51 of 3rd period - Stopped by Marcus Hogberg without a rebound.
3:52 of 3rd period - Aleksander Barkov wins face-off versus Boone Jenner in WASHINGTON Capitals zone.
3:52 of 3rd period - Aleksander Barkov is hit by Jake Guentzel.
4:09 of 3rd period - Shot by Evgeni Malkin.
4:09 of 3rd period - Deflect By Jake Guentzel.
4:09 of 3rd period - Stopped by Marcus Hogberg without a rebound.
4:10 of 3rd period - Kailer Yamamoto wins face-off versus Frederick Gaudreau in WASHINGTON Capitals zone.
4:38 of 3rd period - Shot by Phil Kessel.
4:38 of 3rd period - Shot Blocked by Slater Koekkoek.
4:40 of 3rd period - Shot by Isac Lundestrom.
4:40 of 3rd period - Shot Misses the Net.
5:07 of 3rd period - Icing by Sean Walker.
5:08 of 3rd period - Frederick Gaudreau wins face-off versus Patrick Kane in WASHINGTON Capitals zone.
5:21 of 3rd period - Shot by Patrick Kane.
5:21 of 3rd period - Stopped by Marcus Hogberg without a rebound.
5:22 of 3rd period - Aleksander Barkov wins face-off versus Boone Jenner in WASHINGTON Capitals zone.
5:22 of 3rd period - Aleksander Barkov is hit by Evgeni Malkin.
6:03 of 3rd period - Shot by Jake Guentzel.
6:03 of 3rd period - Shot Misses the Net.
6:47 of 3rd period - Minor Penalty to Justin Faulk for Roughing.
6:48 of 3rd period - Frederick Gaudreau wins face-off versus Patrick Kane in MONTREAL Canadiens zone.
7:41 of 3rd period - Shot by Cam Atkinson.
7:41 of 3rd period - Goal by Cam Atkinson - WASHINGTON Capitals : 4 - MONTREAL Canadiens : 4.
7:42 of 3rd period - Patrick Kane wins face-off versus Aleksander Barkov in neutral zone.
8:46 of 3rd period - Shot by Jared McCann.
8:46 of 3rd period - Shot Blocked by Dakota Mermis.
8:52 of 3rd period - Givani Smith is hit by Kailer Yamamoto and loses puck.
9:01 of 3rd period - Shot by Kailer Yamamoto.
9:01 of 3rd period - Stopped by Marcus Hogberg with a rebound.
9:10 of 3rd period - Kailer Yamamoto is hit by Nick Jensen and loses puck.
9:15 of 3rd period - Shot by Phil Kessel.
9:15 of 3rd period - Stopped by Marcus Hogberg without a rebound.
9:16 of 3rd period - Mikey Eyssimont wins face-off versus Boone Jenner in WASHINGTON Capitals zone.
9:28 of 3rd period - Nick Jensen is hit by Kyle Capobianco and loses puck.
9:42 of 3rd period - Shot by Evgeni Malkin.
9:42 of 3rd period - Stopped by Marcus Hogberg without a rebound.
9:43 of 3rd period - Aleksander Barkov wins face-off versus Phil Kessel in WASHINGTON Capitals zone.
9:43 of 3rd period - Aleksander Barkov is hit by Kailer Yamamoto.
9:59 of 3rd period - Shot by Aleksander Barkov.
9:59 of 3rd period - Shot Misses the Net.
10:18 of 3rd period - Kailer Yamamoto is hit by Slater Koekkoek and loses puck.
10:39 of 3rd period - Shot by Andreas Johnsson.
10:39 of 3rd period - Stopped by Kevin Lankinen without a rebound.
10:40 of 3rd period - Dryden Hunt wins face-off versus Patrick Kane in MONTREAL Canadiens zone.
10:44 of 3rd period - Icing by Dakota Mermis.
10:45 of 3rd period - Patrick Kane wins face-off versus Frederick Gaudreau in MONTREAL Canadiens zone.
11:56 of 3rd period - Shot by Nikita Kucherov.
11:56 of 3rd period - Stopped by Kevin Lankinen without a rebound.
11:57 of 3rd period - Kailer Yamamoto wins face-off versus Denis Gurianov in MONTREAL Canadiens zone.
12:44 of 3rd period - Icing by Phil Kessel.
12:45 of 3rd period - Kailer Yamamoto wins face-off versus Aleksander Barkov in MONTREAL Canadiens zone.
13:34 of 3rd period - Shot by Evgeni Malkin.
13:34 of 3rd period - Deflect By Jake Guentzel.
13:34 of 3rd period - Stopped by Marcus Hogberg without a rebound.
13:35 of 3rd period - Patrick Kane wins face-off versus Frederick Gaudreau in WASHINGTON Capitals zone.
13:36 of 3rd period - Shot by Cam Atkinson.
13:36 of 3rd period - Stopped by Marcus Hogberg without a rebound.
13:37 of 3rd period - Frederick Gaudreau wins face-off versus Patrick Kane in WASHINGTON Capitals zone.
15:17 of 3rd period - Shot by Evgeni Malkin.
15:17 of 3rd period - Stopped by Marcus Hogberg without a rebound.
15:18 of 3rd period - Aleksander Barkov wins face-off versus Kailer Yamamoto in WASHINGTON Capitals zone.
15:57 of 3rd period - Phil Kessel is hit by Nikita Kucherov and loses puck.
16:07 of 3rd period - Kyle Capobianco is hit by Nick Jensen and loses puck.
17:36 of 3rd period - Shot by Alex Killorn.
17:36 of 3rd period - Shot Misses the Net.
17:38 of 3rd period - Shot by Mikey Eyssimont.
17:38 of 3rd period - Stopped by Kevin Lankinen without a rebound.
17:39 of 3rd period - Patrick Kane wins face-off versus Joel Kiviranta in MONTREAL Canadiens zone.
18:08 of 3rd period - Shot by Cam Atkinson.
18:08 of 3rd period - Stopped by Marcus Hogberg without a rebound.
18:09 of 3rd period - Kailer Yamamoto wins face-off versus Aleksander Barkov in WASHINGTON Capitals zone.
18:12 of 3rd period - Shot by Kailer Yamamoto.
18:12 of 3rd period - Shot Misses the Net.
18:14 of 3rd period - Shot by Isac Lundestrom.
18:14 of 3rd period - Stopped by Marcus Hogberg without a rebound.
18:15 of 3rd period - Aleksander Barkov wins face-off versus Kailer Yamamoto in WASHINGTON Capitals zone.
18:47 of 3rd period - Shot by Aleksander Barkov.
18:47 of 3rd period - Stopped by Kevin Lankinen with a rebound.
19:33 of 3rd period - Shot by Tyson Barrie.
19:33 of 3rd period - Shot Misses the Net.
19:45 of 3rd period - Shot by Cam Atkinson.
19:45 of 3rd period - Stopped by Marcus Hogberg without a rebound.
19:46 of 3rd period - Frederick Gaudreau wins face-off versus Boone Jenner in WASHINGTON Capitals zone.
Goals for this period are 1 for WASHINGTON Capitals vs 1 for MONTREAL Canadiens.
Shots for this period are 8 for WASHINGTON Capitals vs 19 for MONTREAL Canadiens.

Overtime #1


0:01 of 1st overtime period - Isac Lundestrom wins face-off versus Joel Kiviranta in neutral zone.
0:42 of 1st overtime period - Shot by Joe Veleno.
0:42 of 1st overtime period - Shot Misses the Net.
0:44 of 1st overtime period - Shot by Joe Veleno.
0:44 of 1st overtime period - Shot Misses the Net.
1:08 of 1st overtime period - Shot by Brett Howden.
1:08 of 1st overtime period - Stopped by Marcus Hogberg without a rebound.
1:09 of 1st overtime period - Denis Gurianov wins face-off versus Isac Lundestrom in WASHINGTON Capitals zone.
1:23 of 1st overtime period - Icing by Isac Lundestrom.
1:24 of 1st overtime period - Isac Lundestrom wins face-off versus Frederick Gaudreau in MONTREAL Canadiens zone.
1:37 of 1st overtime period - Shot by Dakota Mermis.
1:37 of 1st overtime period - Stopped by Marcus Hogberg without a rebound.
1:38 of 1st overtime period - Isac Lundestrom wins face-off versus Alex Killorn in WASHINGTON Capitals zone.
2:01 of 1st overtime period - Shot by Joe Veleno.
2:01 of 1st overtime period - Shot Misses the Net.
2:45 of 1st overtime period - Shot by Frederick Gaudreau.
2:45 of 1st overtime period - Shot Misses the Net.
2:47 of 1st overtime period - Shot by Frederick Gaudreau.
2:47 of 1st overtime period - Shot Blocked by Joe Veleno.
2:49 of 1st overtime period - Shot by Denis Gurianov.
2:49 of 1st overtime period - Shot Misses the Net.
2:51 of 1st overtime period - Shot by Frederick Gaudreau.
2:51 of 1st overtime period - Stopped by Kevin Lankinen without a rebound.
2:52 of 1st overtime period - Denis Gurianov wins face-off versus Brett Howden in MONTREAL Canadiens zone.
3:03 of 1st overtime period - Shot by Brett Howden.
3:03 of 1st overtime period - Stopped by Marcus Hogberg without a rebound.
3:04 of 1st overtime period - Brett Howden wins face-off versus Alex Killorn in WASHINGTON Capitals zone.
3:10 of 1st overtime period - Icing by Alex Pietrangelo.
3:11 of 1st overtime period - Brett Howden wins face-off versus Alex Killorn in WASHINGTON Capitals zone.
3:12 of 1st overtime period - Shot by Cam Atkinson.
3:12 of 1st overtime period - Shot Blocked by Alex Pietrangelo.
3:14 of 1st overtime period - Shot by Brett Howden.
3:14 of 1st overtime period - Shot Misses the Net.
3:16 of 1st overtime period - Shot by Cam Atkinson.
3:16 of 1st overtime period - Shot Misses the Net.
3:18 of 1st overtime period - Shot by Brett Howden.
3:18 of 1st overtime period - Shot Misses the Net.
3:20 of 1st overtime period - Shot by Brett Howden.
3:20 of 1st overtime period - Stopped by Marcus Hogberg with a rebound.
3:34 of 1st overtime period - Shot by Brett Howden.
3:34 of 1st overtime period - Stopped by Marcus Hogberg without a rebound.
3:35 of 1st overtime period - Frederick Gaudreau wins face-off versus Brett Howden in WASHINGTON Capitals zone.
Goals for this period are 0 for WASHINGTON Capitals vs 0 for MONTREAL Canadiens.
Shots for this period are 1 for WASHINGTON Capitals vs 5 for MONTREAL Canadiens.

ShootOut


5:00 of 1st overtime period - Round #1.
5:00 of 1st overtime period - WASHINGTON Capitals, Aleksander Barkov.
5:00 of 1st overtime period - Stopped by Kevin Lankinen.
5:00 of 1st overtime period - MONTREAL Canadiens, Patrick Kane.
5:00 of 1st overtime period - Goal by Patrick Kane.
5:00 of 1st overtime period - Round #2.
5:00 of 1st overtime period - WASHINGTON Capitals, Nikita Kucherov.
5:00 of 1st overtime period - Goal by Nikita Kucherov.
5:00 of 1st overtime period - MONTREAL Canadiens, Tyler Seguin.
5:00 of 1st overtime period - Stopped by Marcus Hogberg.
5:00 of 1st overtime period - Round #3.
5:00 of 1st overtime period - WASHINGTON Capitals, Jared McCann.
5:00 of 1st overtime period - Stopped by Kevin Lankinen.
5:00 of 1st overtime period - MONTREAL Canadiens, Cam Atkinson.
5:00 of 1st overtime period - Goal by Cam Atkinson.